[Event "Czech Open-Rapid 2022"]
[Site "Pardubice"]
[Date "2022.07.20"]
[Round "1.22"]
[White "Brejnik, Gustav"]
[Black "Sindler, Jaromir"]
[Result "1-0"]
[ECO "D74"]
[WhiteElo "2292"]
[BlackElo "1582"]
[Annotator "TA"]
[PlyCount "61"]
[EventDate "2022.07.20"]
[EventType "swiss"]
[EventCountry "CZE"]
[SourceTitle "playchess.com"]
[Source "ChessBase"]
[SourceQuality "1"]
[TimeControl "1200+10"]

1. d4 Nf6 2. c4 g6 3. g3 Bg7 4. Bg2 d5 5. cxd5 Nxd5 6. Nf3 O-O 7. O-O Nc6 8. h3 {[%emt 0:00:40] D74: Fianchetto Grünfeld: Main Line (5 Nf3 0-0 6 cxd5 Nxd5 7 0-0).} Bf5 {[%emt 0:00:48] [#]} (8... Nb6 $5 ) 9. Nc3 $146 (9. g4 $5 Bd7 10. Re1 $11) ({Predecessor:} 9. Re1 Be4 10. Nbd2 Bxf3 11. Nxf3 Nb6 12. Be3 Nc4 13. b3 Nxe3 14. fxe3 Rb8 15. Rc1 e5 {0-1 (45) Guerreiro,N (2086)-Duque,R (1430) Lisbon 2020}) 9... Nxc3 10. bxc3 {[%emt 0:00:02] The position is equal.} Qd7 11. Kh2 Rfd8 12. Nh4 {[%emt 0:02:18] Hoping for e4.} Be6 13. e4 ({White should try} 13. Qa4 $14) 13... Bc4 $15 14. Re1 Ne5 15. Be3 Nd3 16. Rg1 Rab8 {[%emt 0:01:15] [#]} (16... e5 $11) 17. Qc2 $1 $16 {[%emt 0:01:57] Bf1 is the strong threat.} Qb5 {[%emt 0:00:20] [#]} (17... c5 $16 {was called for.}) 18. Rgb1 $2 (18. Bf1 $1 $18) 18... Qa6 $1 $11 19. Nf3 {[%emt 0:01:06] Strongly threatening Bf1.} e5 $2 (19... c5 $11 {and Black is okay.}) 20. Nd2 $36 {[%emt 0:02:03][%mdl 2048] White has strong initiative.} b6 $2 (20... c5) 21. Nxc4 Qxc4 22. Bf1 exd4 23. Bxd3 Qc6 24. cxd4 Qd6 (24... Qxc2 25. Bxc2 Bxd4) 25. Rd1 Bxd4 26. Bxd4 Qxd4 27. Bc4 Qc5 28. Kg2 Rd4 (28... c6 $142 29. a4 Kg7) 29. Rxd4 {[%emt 0:00:08] White is clearly winning.} Qxd4 30. Rd1 Qf6 31. Rd7 {[%emt 0:00:06][%csl LRc7,LRf7] Weighted Error Value: White=0.34/Black=0.70} 1-0

[Event "Czech Open-Rapid 2022"]
[Site "Pardubice"]
[Date "2022.07.20"]
[Round "1.23"]
[White "Juchelka, Marek"]
[Black "Jurek, Josef"]
[Result "0-1"]
[ECO "B40"]
[WhiteElo "1803"]
[BlackElo "2200"]
[Annotator "TA"]
[PlyCount "130"]
[EventDate "2022.07.20"]
[EventType "swiss"]
[EventCountry "CZE"]
[SourceTitle "playchess.com"]
[Source "ChessBase"]
[SourceQuality "1"]
[TimeControl "1200+10"]

1. e4 c5 2. Nf3 e6 3. c3 Nf6 4. e5 Nd5 5. d4 cxd4 6. cxd4 b6 7. Nc3 Nxc3 8. bxc3 Qc7 9. Bb2 d6 {[%emt 0:00:44] B22: Sicilian: 2 c3.} 10. Bd3 Nd7 11. exd6 Bxd6 {[%emt 0:00:08] The position is equal.} 12. O-O Bb7 13. h3 O-O 14. Rc1 {[%emt 0:01:39] [#]} (14. c4 $11) 14... e5 $146 {[%emt 0:00:50] aiming for ...e4.} ({Predecessor:} 14... Bf4 15. Rc2 Rac8 16. c4 Qb8 17. Qe2 Qa8 18. Rd1 Rfe8 19. Ne1 Nf6 20. g3 Bd6 {0-1 (63) Schmid,H (2183)-Oberst,T (2292) Wuerttemberg 2011}) 15. dxe5 Nxe5 16. Nxe5 Bxe5 17. Re1 Rfe8 18. Rc2 Rad8 19. Rce2 {[%emt 0:00:13] [#]} Qc6 $1 {[%emt 0:05:01][%csl Gb7][%cal Rc6g2] Black is more active.} 20. f3 Bg3 21. Rxe8+ Rxe8 22. Rxe8+ Qxe8 23. Qe2 Qxe2 (23... Qe5 {seems wilder.} 24. c4 Qxe2 25. Bxe2 g6) 24. Bxe2 $11 {[%emt 0:00:10][%mdl 4096] Endgame KBB-KBB} Be5 25. Kf2 g6 26. Ke3 g5 27. Bc4 Kg7 28. Kd3 h5 29. Bc1 Kg6 30. Be3 Bc6 31. Bd4 Bd6 32. Ke3 f5 33. Bd3 Bg3 34. Ke2 h4 35. Ke3 Bd7 36. Ke2 Kh5 37. Ke3 Be6 38. Bb1 (38. a4 $11) 38... Kg6 39. Ke2 ({White should play} 39. a3 $15) 39... Bc4+ $17 40. Bd3 Bxa2 41. c4 Bd6 42. Kd2 Bb3 43. Kc3 Ba4 44. Bb1 Bd7 45. Bd3 Bc5 {[%emt 0:00:14] Threatens to win with ...Bxd4+.} 46. Be5 Kf7 47. Kb3 Ke6 48. Bg7 Be7 49. Bd4 Bf6 50. Be3 Be7 51. Bd4 $1 Bc6 52. Bc3 (52. Bf1 $142) 52... Bf6 $19 {[%emt 0:00:14] ...Bxc3 is the strong threat.} 53. Bd2 Be7 54. Bc3 g4 55. fxg4 (55. Be2 {was the only defense.}) 55... fxg4 56. hxg4 Bxg2 {[%emt 0:00:02] Hoping for ...h3.} 57. Bf5+ Kf7 58. Be5 Bg5 59. Kb4 a6 60. c5 Be7 61. Kc4 bxc5 62. Bc8 h3 63. Bxa6 {[%emt 0:00:08] [#]} (63. Bf5 $19) 63... Bf1+ {[%emt 0:00:01] Black mates.} 64. Kd5 Bxa6 65. Ke4 Ke6 {[%emt 0:00:08] Weighted Error Value: White=0.28 (precise) /Black=0.13 (very precise)} 0-1

[Event "Czech Open-Rapid 2022"]
[Site "Pardubice"]
[Date "2022.07.20"]
[Round "1.24"]
[White "Klimakovs, Sergejs"]
[Black "Ricar, Jiri"]
[Result "1-0"]
[ECO "B00"]
[WhiteElo "2266"]
[BlackElo "1577"]
[Annotator "TA"]
[PlyCount "45"]
[EventDate "2022.07.20"]
[EventType "swiss"]
[EventCountry "CZE"]
[SourceTitle "playchess.com"]
[Source "ChessBase"]
[SourceQuality "1"]
[TimeControl "1200+10"]

1. e4 g5 2. d4 Bg7 3. Nc3 h6 4. Be3 d6 5. Qd2 c6 6. h4 {[%emt 0:00:08] [#] B00: Queen's Fianchetto Defence, Nimzowitsch Defence.} Qb6 $146 ({Predecessor:} 6... g4 7. f4 Nf6 8. h5 d5 9. Bd3 dxe4 10. Nxe4 Nxe4 11. Bxe4 Nd7 12. Ne2 Nf6 {½-½ (28) Hortillosa,A (1923)-De Cat,B (2075) Portsmouth 1998}) 7. O-O-O f6 (7... g4 $142 8. Nge2 Nd7) 8. Be2 {[%emt 0:01:03] White has a decisive advantage.} ({But not} 8. hxg5 $6 hxg5 9. Rxh8 Bxh8 $18) 8... g4 9. f3 h5 10. fxg4 Bxg4 11. Nf3 ({White should play} 11. Nh3 $18) 11... Nd7 $16 12. e5 O-O-O 13. exd6 exd6 14. Ne4 Nf8 ({Better is} 14... Qc7 $14) 15. Kb1 {[%emt 0:00:18] White is more active.} f5 (15... Qc7 $16 {is a better defense.}) 16. Neg5 Qc7 {[%emt 0:00:09] Against Nf7} 17. Bc4 d5 (17... Nf6 $16 {keeps fighting.}) 18. Bf4 Qd7 19. Bd3 Bxf3 20. Nxf3 {[%emt 0:00:14] [#] aiming for Qa5.} Ne6 (20... Ne7 $142 21. Ng5 Bxd4) 21. Bh2 {[%emt 0:00:08] A strong pair of Bishops.} (21. Ne5 $142 Bxe5 22. Bxe5) 21... Nxd4 $2 (21... Nh6 22. Rde1 Rhe8) 22. Qa5 $2 (22. Nxd4 Nh6 23. Qf4) 22... b6 $2 (22... Nxf3 23. Bxf5 Nxh2 24. Bxd7+ Rxd7 25. Rxh2 b6) 23. Ba6+ {Weighted Error Value: White=0.62/Black=0.46} 1-0

[Event "Czech Open-Rapid 2022"]
[Site "Pardubice"]
[Date "2022.07.20"]
[Round "1.25"]
[White "Juros, Zbynek"]
[Black "Goroshkov, Maksym"]
[Result "0-1"]
[ECO "C31"]
[WhiteElo "1575"]
[BlackElo "2240"]
[Annotator "TA"]
[PlyCount "64"]
[EventDate "2022.07.20"]
[EventType "swiss"]
[EventCountry "CZE"]
[SourceTitle "playchess.com"]
[Source "ChessBase"]
[SourceQuality "1"]
[TimeControl "1200+10"]

1. e4 e5 2. f4 d5 3. exd5 e4 4. d3 exd3 5. Bxd3 Nf6 6. Qe2+ {[%emt 0:01:45] C32: Falkbeer Counter Gambit: 3 exd5 e4 4 d3 Nf6.} Be7 {[%emt 0:00:03] [#]} 7. c4 $146 {[%emt 0:02:12] [#]} (7. Bd2 $14 {keeps the upper hand.}) ({Predecessor:} 7. Nc3 O-O 8. Nf3 c6 9. Be3 Bb4 10. O-O Bxc3 11. bxc3 Nxd5 12. Bc5 Re8 13. Ne5 {1-0 (21) Mihailov,I (2044)-Brosman,A (1821) Slanic Moldova 2017}) 7... O-O $1 $17 {[%emt 0:00:02] Threatens to win with ...Re8.} 8. Nf3 {[%emt 0:00:09] Black is better.} c6 (8... Bc5 $17) 9. O-O $11 cxd5 10. cxd5 Nxd5 11. Nc3 Nxc3 12. bxc3 Nc6 13. Ng5 g6 14. Bb2 Bf6 15. f5 $2 {[%emt 0:00:58][%mdl 8192] Black continues to play with concentration.} Bxg5 $19 16. f6 $2 (16. Rae1) 16... Bxf6 17. Rxf6 Qxf6 18. c4 Nd4 19. Qd2 Rd8 20. Rf1 Qg7 21. Rf4 Be6 22. Qf2 {[%emt 0:01:08] [#]} Rac8 $1 23. Rxd4 (23. Bxd4 Qh6) 23... Rxd4 24. Bxd4 f6 ({But not} 24... Qh6 $2 25. h4 $19) 25. Bxf6 Qf7 26. g4 (26. c5 $142) 26... Bxc4 27. Be4 Bd5 28. Bg2 Rc1+ {[%emt 0:00:19] Black mates.} 29. Bf1 Bc4 30. g5 Rxf1+ 31. Qxf1 Bxf1 32. Kxf1 Qxa2 {[%emt 0:00:04] Weighted Error Value: White=1.24/Black=0.28 (precise)} 0-1

[Event "Czech Open-Rapid 2022"]
[Site "Pardubice"]
[Date "2022.07.20"]
[Round "1.26"]
[White "Sarkar, Justin"]
[Black "Cejka, Jan"]
[Result "1-0"]
[ECO "E15"]
[WhiteElo "2346"]
[BlackElo "1731"]
[Annotator "TA"]
[PlyCount "57"]
[EventDate "2022.07.20"]
[EventType "swiss"]
[EventCountry "CZE"]
[SourceTitle "playchess.com"]
[Source "ChessBase"]
[SourceQuality "1"]
[TimeControl "1200+10"]

1. d4 Nf6 2. c4 e6 3. Nf3 b6 4. g3 Bb7 5. Bg2 c5 6. O-O cxd4 7. Qxd4 Nc6 8. Qf4 Be7 {[%emt 0:00:50] is more profitable than 8...Ne7 at the moment.} 9. Nc3 O-O 10. e4 {[%emt 0:00:47] A30: Symmetrical English: Double Fianchetto and Hedgehog.} d6 11. Rd1 a6 12. b3 {[%emt 0:00:16] White is slightly better.} Qc7 13. Bb2 Rfd8 14. Rac1 Rac8 {[%emt 0:00:25] [#]} (14... Qb8 $11) 15. Nd5 $1 $16 {[%emt 0:00:19][%mdl 512] White is more active.} exd5 16. cxd5 Qd7 17. dxc6 $18 {[%emt 0:00:02] [#]} Bxc6 $146 (17... Rxc6 {was called for.} 18. Rxc6 Bxc6) ({Predecessor:} 17... Rxc6 18. Rxc6 Bxc6 19. Nd4 Ne8 20. Nf5 Bf8 21. h4 f6 22. Kh2 Qf7 23. Qe3 b5 24. Qb6 Qd7 25. Bh3 {1-0 (25) Adamski,J (2415)-Serwinski,B Tarnow 1979}) 18. Nd4 {[%emt 0:00:47] Nf5 is the strong threat.} Bb7 19. Rxc8 Rxc8 (19... Bxc8 20. Nf5 Nh5) 20. Nf5 Rc2 21. Nxe7+ $2 (21. Bxf6 Bxf6 22. e5 dxe5 23. Rxd7 exf4 24. Rxb7) 21... Qxe7 22. Qxd6 (22. Bxf6 $18 gxf6 23. Rxd6) 22... Kf8 (22... Qxd6 $16 23. Rxd6 h5) 23. Bxf6 (23. Ba3 $18 Qxd6 24. Rxd6 (24. Bxd6+ Ke8 $16)) 23... gxf6 (23... Qxd6 $16 24. Rxd6 gxf6) 24. Qxb6 $40 {[%emt 0:00:04][%cal Oe4e5][%mdl 128] Black must now prevent e5! White attacks with force.} Rxa2 $2 (24... Kg7 25. Qa7 Qb4) 25. e5 Bxg2 26. exf6 {[%emt 0:00:02] White mates.} ({Less strong is} 26. Kxg2 Qxe5 27. Rd4 h5 $16) 26... Qe8 27. Qc5+ Kg8 28. Qg5+ Kh8 29. Qg7# {[%emt 0:00:01] Black got outplayed after the opening.  Weighted Error Value: White=0.37/Black=0.91} 1-0

[Event "Czech Open-Rapid 2022"]
[Site "Pardubice"]
[Date "2022.07.20"]
[Round "1.27"]
[White "Vavrinkova, Jitka"]
[Black "Freisler, Pavel"]
[Result "0-1"]
[ECO "B03"]
[WhiteElo "1548"]
[BlackElo "2256"]
[Annotator "TA"]
[PlyCount "90"]
[EventDate "2022.07.20"]
[EventType "swiss"]
[EventCountry "CZE"]
[SourceTitle "playchess.com"]
[Source "ChessBase"]
[SourceQuality "1"]
[TimeControl "1200+10"]

1. e4 Nf6 2. e5 Nd5 3. d4 d6 4. c4 Nb6 5. Nf3 Bg4 6. exd6 cxd6 7. Be2 g6 8. Nc3 Bg7 9. O-O O-O 10. b3 Nc6 11. Be3 d5 12. c5 Nc8 13. h3 Bxf3 14. Bxf3 e6 {[%emt 0:00:01] B04: Alekhine's Defence: 4 Nf3.} 15. a3 N8e7 16. g4 {[%emt 0:01:53] [#]} (16. Ne2 $1 $15) 16... e5 $146 (16... f5 $142 $1 {[%cal Rf5f4] Hoping for ...f4.} 17. Ne2 e5 18. gxf5 Nxf5 19. dxe5 Nxe3 20. fxe3 Qg5+ 21. Kh1 Kh8 22. Qxd5 Qxe3) ({Predecessor:} 16... f5 17. Ne2 fxg4 18. Bxg4 Nf5 19. Nf4 Qf6 20. Ne2 h5 21. Bf3 Nxe3 22. fxe3 Qg5+ 23. Kh1 Qxe3 24. Bg2 Rxf1+ 25. Qxf1 Rf8 {0-1 (25) Kubatko,I (2257)-Manafov,V (2236) Chess.com INT 2021}) 17. Ne2 (17. Nb5 $142) 17... f5 $17 18. dxe5 Nxe5 19. Nd4 fxg4 $2 ({Inferior is} 19... f4 20. Bd2 $17) (19... Qd7 $19 20. Be2 f4) 20. Bxg4 $15 Nxg4 21. Qxg4 Qc8 22. Rad1 Nf5 ({Don't play} 22... Qxc5 23. Ne6 Qc6 24. Nxf8 Rxf8 25. Rc1 $16 (25. Bxa7 Qd6 $16)) 23. Nxf5 Rxf5 24. b4 Qc6 25. Bd4 Raf8 26. Bxg7 Kxg7 27. Qd4+ Qf6 28. Qxf6+ Kxf6 $11 {[%emt 0:00:01][%mdl 4096] Endgame KRR-KRR} 29. Rfe1 Rd8 30. Re3 d4 31. Red3 Ke5 32. f3 ({White should try} 32. Re1+ $11 Kf6 33. Re4) 32... Rf4 $1 $15 33. Kf2 {[%emt 0:00:09] [#]} Kd5 $1 34. Re3 Rd7 {[%emt 0:00:07] Inhibits Re7.} 35. Kg3 g5 36. Re8 Kc4 37. Re5 $2 {[%emt 0:00:15] [#]} (37. Rc1+ $1 $15 Kb3 38. b5) 37... h6 $2 (37... d3 $1 $19 {And now ...Kb3 would win.} 38. Kf2 Rh4 39. Rxg5 Rxh3) 38. c6 $1 $11 bxc6 {[%emt 0:01:06] Strongly threatening ...d3.} 39. Rc5+ Kb3 {[%emt 0:00:01] aiming for ...d3.} 40. Rxc6 $2 (40. Rd3+ $11 {and White stays safe.} Kb2 41. Rxc6) 40... d3 $19 41. Rxh6 (41. b5 $142 Rc4 42. Kf2) 41... d2 {Black is clearly winning.} 42. Rc6 Rc4 43. Rxc4 Kxc4 44. Kf2 Kc3 45. b5 Kc2 {Weighted Error Value: White=0.77/Black=0.30} 0-1

[Event "Czech Open-Rapid 2022"]
[Site "Pardubice"]
[Date "2022.07.20"]
[Round "1.28"]
[White "Tichy, Stepan"]
[Black "Tolmacevs, Romans"]
[Result "1/2-1/2"]
[ECO "D02"]
[WhiteElo "2207"]
[BlackElo "1502"]
[Annotator "TA"]
[PlyCount "127"]
[EventDate "2022.07.20"]
[EventType "swiss"]
[EventCountry "CZE"]
[SourceTitle "playchess.com"]
[Source "ChessBase"]
[SourceQuality "1"]
[TimeControl "1200+10"]

1. d4 d5 2. Nf3 Nf6 3. Bf4 e6 4. c3 c6 5. e3 Bd6 6. Bg3 {[%emt 0:00:02] D02: 1 d4 d5 2 Nf3 sidelines, including 2...Nf6 3 g3 and 2...Nf6 3 Bf4.} Qc7 7. Bd3 O-O 8. Nbd2 {[%emt 0:00:13] White has an edge.} Nbd7 9. Qc2 {[%emt 0:00:21] [#]} b6 $146 ({Predecessor:} 9... e5 10. dxe5 Nxe5 11. Nxe5 Bxe5 12. Nf3 Bd6 13. O-O-O Bg4 14. Rde1 Rfe8 15. Bxd6 Qxd6 {0-1 (49) Ahounou,V-Boidiya,S (1997) Tornelo INT 2022}) 10. c4 h6 11. Rc1 Bb7 12. a3 Rac8 (12... dxc4 $11 13. Qxc4 (13. Nxc4 Bxg3 14. hxg3 c5 $11) 13... e5) 13. b4 Bxg3 14. hxg3 Qb8 15. c5 Rfe8 16. Qc3 Re7 17. Ne5 Nxe5 18. dxe5 Nd7 19. Nf3 Ree8 (19... a5 $14) 20. g4 $1 $16 Red8 (20... Kf8 $16) 21. Qd4 ({White has to play} 21. g5 $18) 21... f6 $2 (21... bxc5 $16 {keeps fighting.} 22. bxc5 Qc7) 22. exf6 $18 {[%emt 0:00:15] g5 is the strong threat.} e5 23. Qc3 e4 {[%emt 0:00:37] [#]} 24. fxg7 exf3 25. gxf3 {[%emt 0:00:31] Dancing on a razor blade.} (25. Rxh6 fxg2 26. Bh7+ Kf7 27. Bg6+ Ke7 $15) 25... Qe5 26. Bf5 ({White must play} 26. Rxh6 $16 {Strongly threatening Qc2.} Qxc3+ 27. Rxc3) 26... Qxc3+ $14 27. Rxc3 Kxg7 28. g5 Rc7 29. Rxh6 Nf8 30. Rd3 {[%emt 0:01:19] White is much more active.} (30. f4 $16) 30... Bc8 31. e4 (31. Bxc8 $11 Rcxc8 32. cxb6) 31... Re8 {[%emt 0:00:26] Threatens to win with ...Bxf5.} 32. Kd2 Bxf5 33. exf5 Re5 (33... bxc5 $11 34. bxc5 Kg8) 34. f6+ Kf7 35. f4 Re4 ({Black should play} 35... Rf5) 36. Rf3 (36. Rdh3 $16 Rc8 37. f5) 36... bxc5 $11 37. bxc5 Rb7 38. Rfh3 $2 (38. Rg3 $11 Rb2+ 39. Kc3 Rxf2 40. g6+ Nxg6 41. Rgxg6 Rf3+ 42. Kd2 Rf2+ 43. Kc3 Rf3+ 44. Kd2 Rfxf4 45. Rg7+ Ke6 46. Re7+ (46. Rxa7 Rf2+ 47. Kd3 Rf3+ 48. Kd2 Rf2+ 49. Kd3 Rf3+ 50. Kd2 Rf2+ $11) 46... Kf5 47. Rxa7) 38... Rb2+ $19 39. Kc3 $2 (39. Kd1 {was the only defense.}) 39... Rxf2 40. Rh7+ (40. f5 $142 Rxf5 41. Rg3) 40... Nxh7 41. Rxh7+ {[%emt 0:00:01] [#]} Kg8 $2 (41... Ke8 $1 $19 {( -> ...Re3+)} 42. g6 Rexf4 43. Re7+ Kd8) 42. g6 $17 {[%emt 0:00:54] White wants to mate with f7+.} Rexf4 43. Rg7+ Kh8 44. Rh7+ Kg8 45. Rg7+ Kf8 46. Rf7+ {[%emt 0:00:02] [#]} Ke8 $1 47. Re7+ Kf8 $2 (47... Kd8 $17 48. g7 R4f3+ 49. Kd4 Rxf6 50. g8=Q+ Kxe7 51. Qg7+ Kd8) 48. Rf7+ $2 (48. g7+ Kg8 49. Re8+ Kf7 50. g8=Q+ Kxf6 51. Re6+ Kf5 52. Qg6#) 48... Ke8 ({Black should try} 48... Kg8 $11 49. Rg7+) 49. Re7+ Kf8 $2 (49... Kd8 $17 50. g7 R4f3+ 51. Kd4 Rxf6 52. g8=Q+ Kxe7 53. Qg7+ Kd8) 50. Rf7+ $2 (50. g7+ Kg8 51. Re8+ Kf7 52. g8=Q+ Kxf6 53. Re6+ Kf5 54. Qg6#) 50... Kg8 $11 51. Rg7+ Kf8 52. Rf7+ Ke8 (52... Kg8 $11 53. Rg7+) 53. Re7+ $17 Kf8 $2 (53... Kd8 $17 54. g7 R4f3+ 55. Kd4 Rxf6 56. g8=Q+ Kxe7 57. Qg7+ Kd8) 54. Rf7+ $2 (54. g7+ Kg8 55. Re8+ Kf7 56. g8=Q+ Kxf6 57. Re6+ Kf5 58. Qg6#) 54... Kg8 $11 55. Rg7+ Kf8 56. Rf7+ Ke8 ({Better is} 56... Kg8 $11 57. Rg7+) 57. Re7+ $17 Kf8 $2 (57... Kd8 $17 58. g7 R4f3+ 59. Kd4 Rxf6 60. g8=Q+ Kxe7 61. Qg7+ Kd8) 58. Rf7+ $2 (58. g7+ {mates} Kg8 59. Re8+ Kf7 60. g8=Q+ Kxf6 61. Re6+ Kf5 62. Qg6#) 58... Kg8 $11 59. Rg7+ Kh8 60. Rh7+ Kg8 61. Rg7+ Kf8 62. Rf7+ Ke8 (62... Kg8 $11 63. Rg7+) 63. Re7+ $17 Kd8 (63... Kf8 {leads to mate.} 64. g7+ Kg8 65. Re8+ Kf7 66. g8=Q+ Kxf6 67. Re6+ Kf5 68. Qg6#) 64. g7 {Never resign too early!  Weighted Error Value: White=0.80/Black=0.60} 1/2-1/2

[Event "Czech Open-Rapid 2022"]
[Site "Pardubice"]
[Date "2022.07.20"]
[Round "1.29"]
[White "Vorel, Bohuslav"]
[Black "Aradhya, Garg"]
[Result "0-1"]
[ECO "C50"]
[WhiteElo "1605"]
[BlackElo "2229"]
[Annotator "TA"]
[PlyCount "60"]
[EventDate "2022.07.20"]
[EventType "swiss"]
[EventCountry "CZE"]
[SourceTitle "playchess.com"]
[Source "ChessBase"]
[SourceQuality "1"]
[TimeControl "1200+10"]

1. e4 e5 2. Bc4 Nf6 3. d3 Nc6 4. Nf3 Bc5 5. Be3 d6 6. O-O (6. Bxc5 $16 {Black must now prevent Be3.} dxc5 7. Bb5) 6... O-O {[%emt 0:00:03] C50: Hungarian Defence and Giuoco Pianissimo.} 7. h3 {[%emt 0:00:08] [#]} a5 $146 ({Predecessor:} 7... Bxe3 8. fxe3 Ne7 9. Nc3 Ng6 10. Qe1 c6 11. Bb3 a5 12. Nh4 Nxh4 13. Qxh4 b5 14. a4 b4 15. Ne2 Be6 16. Bxe6 fxe6 17. d4 {0-1 (40) Thorgeirsson,S (2282)-Baramidze,D (2594) Kiel 2016}) 8. a3 Bxe3 {[%emt 0:00:39] The position is equal.} 9. fxe3 Ne7 10. Nc3 c6 11. Qe2 Ng6 12. b4 b5 13. Ba2 Ra7 14. Qf2 Rd7 15. Ne2 d5 (15... Qb6 {looks sharper.} 16. bxa5 Qxa5 17. Nh4 Ne7) 16. exd5 cxd5 17. c4 (17. Nc3 $11) 17... bxc4 ({Black should try} 17... e4 18. dxe4 Nxe4) 18. dxc4 $17 axb4 19. axb4 Ne4 (19... dxc4 {seems wilder.} 20. Bxc4 Ne4 21. Qe1 Qb6) 20. Qe1 d4 (20... dxc4 $17 {Hoping for ...Rd3.} 21. Nc3 Nd6) 21. exd4 $1 $11 exd4 22. Nexd4 Rxd4 23. Nxd4 $4 {[%emt 0:01:05][%mdl 8192] [#]} (23. Qe3 $1 $11 {and White has nothing to worry.} Ng3 24. Nxd4 Qxd4 25. Qxd4 Ne2+ 26. Kh2 Nxd4 27. c5) 23... Qxd4+ $19 24. Kh1 Bb7 25. c5 h5 $2 (25... Ne5 $19 {is more deadly. aiming for ...Nd3.} 26. c6 Bxc6) 26. Rd1 $17 Qe5 {[%emt 0:02:29] ...Ng3+ is the strong threat. 0x0.001f2456e223dp-1022s more active pieces.} 27. Rd3 {[%emt 0:01:04] Prevents Ng3+. Now White is beyond hope.} (27. Rf3 $17) 27... h4 ({Don't go for} 27... Ba6 $2 28. Rd5 Qg3 29. Qxe4 $19) 28. Kg1 {[%emt 0:03:41] [#]} Nf4 $1 {[%emt 0:01:31] The board is on fire.} 29. Qxh4 $2 (29. Bxf7+ $19 Rxf7 30. Rd8+ Rf8 31. Rxf8+ Kxf8 32. c6) 29... Ne2+ {[%emt 0:00:32] Pair of Knights!} 30. Kh1 N4g3+ {[%emt 0:00:02] Weighted Error Value: White=0.82/Black=0.31} 0-1

[Event "Czech Open-Rapid 2022"]
[Site "Pardubice"]
[Date "2022.07.20"]
[Round "1.30"]
[White "Sir, Zbynek"]
[Black "Ruzicka, Martin"]
[Result "1-0"]
[ECO "C00"]
[WhiteElo "2199"]
[BlackElo "1923"]
[Annotator "TA"]
[PlyCount "49"]
[EventDate "2022.07.20"]
[EventType "swiss"]
[EventCountry "CZE"]
[SourceTitle "playchess.com"]
[Source "ChessBase"]
[SourceQuality "1"]
[TimeControl "1200+10"]

1. e4 e6 2. d4 b6 3. Bd3 c5 4. d5 Nf6 {[%emt 0:00:07] [#]} 5. c4 $146 ({Predecessor:} 5. dxe6 dxe6 6. e5 Nd5 7. Qe2 Nc6 8. c3 Be7 9. f4 g5 10. Nh3 Qc7 11. Nd2 {1-0 (41) Borngaesser,R (2375)-Hickl,T Bremen 1976}) 5... g6 (5... d6 $16) 6. Nc3 {[%emt 0:01:04] C01: French: Exchange Variation.} (6. e5 $18 {and White stays clearly on top.} Nh5 7. Nc3) 6... Bg7 $2 {[%emt 0:00:19] [#]} (6... d6 $16 {was necessary.}) 7. e5 $18 Ng8 8. f4 {[%emt 0:00:15] White has a decisive advantage.} exd5 (8... Ne7 $142 9. Be4 exd5 10. cxd5 (10. Nxd5 Nbc6 $14) 10... Nf5) 9. cxd5 {[%emt 0:00:15] Hoping for Ne4.} ({Less strong is} 9. Nxd5 Ne7 $14) 9... d6 10. Nf3 Ne7 11. Bb5+ (11. Ne4 $18 dxe5 12. Bb5+ (12. fxe5 O-O $16) 12... Bd7 13. Nd6+ Kf8 14. fxe5) 11... Bd7 $14 12. O-O {[%emt 0:00:27] f5 is the strong threat. White is more active.} O-O $1 (12... Bxb5 $2 13. Nxb5 O-O 14. Nxd6 $18) 13. Bxd7 Nxd7 14. e6 fxe6 15. Ng5 $1 $36 {[%emt 0:00:12][%mdl 2048] White fights for an advantage.} Nxd5 ({Better is} 15... exd5 $11 16. Ne6 Qe8) 16. Nxe6 Bd4+ $2 (16... Nxc3 $14 17. bxc3 Qe7 18. Nxf8 Rxf8) 17. Nxd4 $2 ({White has to play} 17. Kh1 $18 Qe7 18. Nxf8 (18. Nxd4 Nxc3 19. Nc6 Nxd1 $16)) 17... cxd4 $4 (17... Nxc3 $11 18. bxc3 cxd4) 18. Nxd5 $18 Nc5 19. Qxd4 Qh4 20. b3 Rae8 21. Bb2 {[%emt 0:00:24][%csl Gb2][%cal Rd4g7] [#]} Kf7 22. Qg7+ {[%emt 0:00:46] White mates.} Ke6 23. Nc7+ Kf5 24. Nxe8 Rxe8 25. Qf7+ {[%emt 0:00:05] Weighted Error Value: White=0.58/Black=1.01} 1-0